 Dungeon Crawl Stone Soup version 0.20.1-1-g8b1a95d (webtiles) character file.

135 wolfsongas the Cudgeler (level 4, -7/35 HPs)
             Began as a Demonspawn Fighter on Aug 4, 2017.
             Was an Initiate of Okawaru.
             Killed by nerve-wracking pain
             ... invoked by an orc priest
              (14 damage)
             ... on level 3 of the Dungeon.
             The game lasted 00:04:36 (2058 turns).

wolfsongas the Cudgeler (Demonspawn Fighter)        Turns: 2058, Time: 00:04:36

Health: -7/35      AC:  8    Str: 18    XL:     4   Next: 96%
Magic:  4/4        EV:  7    Int:  9    God:    Okawaru [......]
Gold:   93         SH:  8    Dex: 12    Spells: 3/3 levels left

rFire    . . .     SeeInvis .   a - +0 flail
rCold    . . .     Gourm    .   c - +0 shield
rNeg     . . .     Faith    .   b - +0 scale mail
rPois    .         Spirit   .   (helmet restricted)
rElec    .         Reflect  .   (no cloak)
rCorr    .         Harm     .   (no gloves)
MR       .....                  (no boots)
Stlth    ..........             (no amulet)
Regen    0.2/turn               (no ring)
MPRegen  0.1/turn               (no ring)

@: no status effects
A: horns 2, slimy green scales 1
a: Renounce Religion


You were on level 3 of the Dungeon.
You worshipped Okawaru.
Okawaru was noncommittal.
You were not hungry.

You visited 1 branch of the dungeon, and saw 3 of its levels.

You collected 93 gold pieces.

Inventory:

Hand Weapons
 a - a +0 flail (weapon)
Missiles
 g - 3 poisoned tomahawks (quivered)
Armour
 b - a +0 scale mail (worn)
 c - a +0 shield (worn)
 h - a +0 plate armour
Wands
 k - a wand of scattershot (0/9)
Scrolls
 e - a scroll of magic mapping
 i - a scroll of teleportation
 l - 2 scrolls of remove curse
Potions
 d - a potion of degeneration
 m - a potion of curing
 n - a potion of brilliance
 p - a potion of haste {unknown}
Comestibles
 f - a royal jelly
 o - a meat ration
 q - a bread ration


   Skills:
 - Level 3.0 Fighting
 * Level 4.7 Maces & Flails
 - Level 2.6 Armour
 - Level 2.6 Shields


You had 3 spell levels left.
You didn't know any spells.

Dungeon Overview and Level Annotations

Branches:
Dungeon (3/15)

Altars:
Ashenzari
Fedhas
Makhleb
Okawaru
Ru
Xom


Innate Abilities, Weirdness & Mutations

You have a pair of horns on your head.
You are partially covered in slimy green scales. (AC +2)


Message History

The kobold barely misses you. The kobold hits you.
You see here a mace of pain.
You block the kobold's attack.
The orc priest mumbles some strange prayers to Beogh against you.
Beogh smites you!
You closely miss the kobold. You block the kobold's attack.
The orc priest invokes the aid of Beogh against you.
Beogh smites you!
* * * LOW HITPOINT WARNING * * *
The kobold hits you but does no damage.
You closely miss the kobold. You block the kobold's attack.
The orc hits you but does no damage. The kobold closely misses you.
You closely miss the orc.
The orc priest casts a cantrip, but nothing happens.
The kobold hits you but does no damage. The orc hits you but does no damage.
You barely miss the orc.
The orc priest invokes the aid of Beogh against you.
Pain shoots through your body!
You die...

.# # .# .. .# .# ..#
##########'##.# ..#
.....$....o...###### #.#
.............(...... #.#
.......)....(#########.#
##....K.#[.#...........#
#.####@#.#########.....
#..o.....# +.....
#.#.#.##.# .#.....
#.#<...# # #.#..... #
#.#### #.#..... #.#
#.#..... #.# #.#.....
#.####+####.#.....
#.#.........#.....


You could see an orc priest, an orc and a kobold.

Vanquished Creatures
  Natasha (D:2)
  2 adders
  3 gnolls (D:2)
  An ooze (D:3)
  3 worms (D:2)
  2 dart slugs (D:1)
  2 leopard geckos (D:2)
  3 orcs
  3 goblins (D:2)
  4 hobgoblins
  4 jackals (D:2)
  A quokka (D:2)
  3 bats
  3 frilled lizards
  4 kobolds
  7 rats
46 creatures vanquished.

Notes
Turn   | Place    | Note
-------+----------+-------------------------------------------
     0 | D:1      | wolfsongas the Demonspawn Fighter began the quest for the Orb.
     0 | D:1      | Reached XP level 1. HP: 18/18 MP: 1/1
    21 | D:1      | Reached skill level 2 in Maces & Flails
   137 | D:1      | Gained mutation: You have a pair of small horns on your head. [demonic ancestry]
   137 | D:1      | Reached XP level 2. HP: 21/24 MP: 2/2
   446 | D:2      | Reached skill level 3 in Maces & Flails
   447 | D:2      | Gained mutation: You are partially covered in slimy green scales. (AC +2) [demonic ancestry]
   447 | D:2      | Reached XP level 3. HP: 29/29 MP: 3/3
  1298 | D:2      | Gained mutation: You have a pair of horns on your head. [demonic ancestry]
  1298 | D:2      | Reached XP level 4. HP: 28/35 MP: 4/4
  1329 | D:2      | Noticed Natasha
  1330 | D:2      | Found a blossoming altar of Fedhas.
  1332 | D:2      | Killed Natasha
  1332 | D:2      | Reached skill level 4 in Maces & Flails
  1347 | D:2      | Found a shattered altar of Ashenzari.
  1347 | D:2      | Found a burning altar of Makhleb.
  1347 | D:2      | Found an iron altar of Okawaru.
  1353 | D:2      | Found a shimmering altar of Xom.
  1353 | D:2      | Found a sacrificial altar of Ru.
  1394 | D:2      | Became a worshipper of Warmaster Okawaru
  2058 | D:3      | Killed from afar by an orc priest

Skill      XL: |  1  2  3  4 |
---------------+-------------+-----
Maces & Flails | 2 3 4 |  4.7
Fighting       | |  3.0
Armour         | |  2.6
Shields        | |  2.6

Action                   |  1- 3 |  4- 6 || total
-------------------------+-------+-------++-------
Melee: Flail             |    97 |    54 ||   151
       Headbutt          |    18 |     7 ||    25
Evoke: Wand              |     3 |       ||     3
  Use: Scroll            |     5 |     4 ||     9
       Potion            |       |     1 ||     1
  Eat: Bread ration      |     1 |       ||     1
Armor: Scale mail        |    54 |    30 ||    84
Dodge: Dodged            |    26 |    33 ||    59
Block: Shield            |    49 |    41 ||    90
